MLB
SEATTLE MARINERS @ OAKLAND ATHLETICS
09/09/2041
 
TOP OF THE 1ST
Seattle Mariners batting - Pitching for Oakland Athletics : RHP Luis Manuel Rivera
Pitching: RHP Luis Manuel Rivera
Batting: LHB Robbie Lucas 0-0: Ball
1-0: Ball
2-0: Ball
3-0: Hit by Pitch
Batting: RHB José Castillo 0-0: Ball
Wild Pitch!
Robbie Lucas to second
1-0: Called Strike
1-1: Called Strike
1-2: Ball
2-2: Ball
3-2: Foul Ball, location: 25F
3-2: Strikes out swinging
Batting: RHB Ethan Montoya 0-0: Called Strike
0-1: Ball
1-1: Swinging Strike
1-2: Ball
2-2: Foul Ball, location: 25FF
2-2: Ball
3-2: DOUBLE (Flyball, 8LXD, EV 110.0 MPH)
Robbie Lucas scores
Batting: SHB Jesús Cortéz 0-0: Fly out, F8 (Flyball, 78M, EV 90.0 MPH)
Batting: RHB Whit Parkinson 0-0: Ball
1-0: Swinging Strike
1-1: Swinging Strike
1-2: Strikes out swinging
Top of the 1st over - 1 run, 1 hit, 0 errors, 1 left on base; Seattle 1 - Oakland 0
BOTTOM OF THE 1ST
Oakland Athletics batting - Pitching for Seattle Mariners : RHP José Cuevas
Pitching: RHP José Cuevas
Batting: RHB Eric Davis 0-0: Ball
1-0: Foul Ball, location: 9LMF
1-1: Swinging Strike
1-2: DOUBLE (Flyball, 78D, EV 105.6 MPH)
Batting: RHB David Álvarez 0-0: Foul Ball, location: 2F
0-1: Swinging Strike
0-2: Strikes out swinging
Batting: LHB Jesús Cantú 0-0: Ball
1-0: Fly out, F4 (Line Drive, 4, EV 68.8 MPH)
Batting: RHB Cecilio Kendall 0-0: Called Strike
0-1: Fly out, F9 (Flyball, 9, EV 93.8 MPH)
Bottom of the 1st over - 0 runs, 1 hit, 0 errors, 1 left on base; Seattle 1 - Oakland 0
TOP OF THE 2ND
Seattle Mariners batting - Pitching for Oakland Athletics : RHP Luis Manuel Rivera
Batting: RHB Rudy Patrick 0-0: Called Strike
0-1: Ball
1-1: Ball
2-1: Foul Ball, location: 9LMF
2-2: Strikes out swinging
Batting: RHB José Díaz 0-0: Ball
1-0: Ball
2-0: Called Strike
2-1: Called Strike
2-2: Foul Ball, location: 9LMFF
2-2: Fly out, F7 (Flyball, 7, EV 99.4 MPH)
Batting: RHB Ron Rowland 0-0: Ball
1-0: Ball
2-0: Called Strike
2-1: Ball
3-1: Called Strike
3-2: Strikes out swinging
Top of the 2nd over - 0 runs, 0 hits, 0 errors, 0 left on base; Seattle 1 - Oakland 0
BOTTOM OF THE 2ND
Oakland Athletics batting - Pitching for Seattle Mariners : RHP José Cuevas
Batting: RHB Devin Hogan 0-0: Called Strike
0-1: Ball
1-1: Swinging Strike
1-2: Ball
2-2: Foul Ball, location: 9LMF
2-2: Strikes out swinging
Batting: RHB Luis García 0-0: Ball
1-0: SINGLE (Groundball, 4MD, EV 99.4 MPH)
Batting: SHB Jorge Montáñez 0-0: Ball
1-0: Called Strike
1-1: Called Strike
1-2: Foul Ball, location: 3FF
1-2: Ball
2-2: Fly out, F7 (Flyball, 7D, EV 109.4 MPH)
Batting: RHB Héctor González 0-0: Ball
1-0: Foul Ball, location: 9LMF
1-1: Fly out, F8 (Line Drive, 8LD, EV 94.4 MPH)
Bottom of the 2nd over - 0 runs, 1 hit, 0 errors, 1 left on base; Seattle 1 - Oakland 0
TOP OF THE 3RD
Seattle Mariners batting - Pitching for Oakland Athletics : RHP Luis Manuel Rivera
Batting: LHB Juan Gutiérrez 0-0: Ball
1-0: Fly out, F8 (Flyball, 8LD, EV 98.1 MPH)
Batting: LHB Robbie Lucas 0-0: Ball
1-0: Fly out, F2 (Popup, 15S, EV 78.8 MPH)
Batting: RHB José Castillo 0-0: Foul Ball, location: 3DF
0-1: Ball
1-1: Foul Ball, location: 3F
1-2: Ball
2-2: DOUBLE (Line Drive, 9LM, EV 110.0 MPH)
Batting: RHB Ethan Montoya 0-0: Called Strike
0-1: Called Strike
0-2: Foul Ball, location: 2F
0-2: Ground out 6-3 (Groundball, 6, EV 80.0 MPH)
Top of the 3rd over - 0 runs, 1 hit, 0 errors, 1 left on base; Seattle 1 - Oakland 0
BOTTOM OF THE 3RD
Oakland Athletics batting - Pitching for Seattle Mariners : RHP José Cuevas
Batting: LHB Doug Park 0-0: Foul Ball, location: 3DF
0-1: Ball
1-1: Foul Ball, location: 9LSF
1-2: Ball
2-2: Ball
3-2: Strikes out swinging
Batting: RHB Eric Davis 0-0: Ground out 5-3 (Groundball, 5, EV 83.8 MPH)
Batting: RHB David Álvarez 0-0: Foul Ball, location: 7LDF
0-1: Foul Ball, location: 2F
0-2: Foul Ball, location: 2F
0-2: Strikes out swinging
Bottom of the 3rd over - 0 runs, 0 hits, 0 errors, 0 left on base; Seattle 1 - Oakland 0
TOP OF THE 4TH
Seattle Mariners batting - Pitching for Oakland Athletics : RHP Luis Manuel Rivera
Batting: SHB Jesús Cortéz 0-0: Foul Ball, location: 9LSFF
0-1: Ground out 4-3 (Groundball, 4S, EV 64.4 MPH)
Batting: RHB Whit Parkinson 0-0: Ball
1-0: SOLO HOME RUN (Flyball, 7LD, EV 98.1 MPH), Distance : 340 ft
Batting: RHB Rudy Patrick 0-0: Fly out, F8 (Flyball, 89M, EV 87.5 MPH)
Batting: RHB José Díaz 0-0: Ground out U3 (Groundball, 34, EV 103.8 MPH)
Top of the 4th over - 1 run, 1 hit, 0 errors, 0 left on base; Seattle 2 - Oakland 0
BOTTOM OF THE 4TH
Oakland Athletics batting - Pitching for Seattle Mariners : RHP José Cuevas
Batting: LHB Jesús Cantú 0-0: Called Strike
0-1: Swinging Strike
0-2: Ball
1-2: Foul Ball, location: 25F
1-2: Ball
2-2: Foul Ball, location: 3FF
2-2: Strikes out swinging
Batting: RHB Cecilio Kendall 0-0: Ball
1-0: Ball
2-0: Called Strike
2-1: Foul Ball, location: 9LMF
2-2: Strikes out looking
Batting: RHB Devin Hogan 0-0: Called Strike
0-1: Ball
1-1: Swinging Strike
1-2: Ball
2-2: Ball
3-2: SINGLE (Groundball, 4MD, EV 101.3 MPH)
Batting: RHB Luis García 0-0: Ball
1-0: Called Strike
1-1: Ball
2-1: Fly out, F9 (Flyball, 89M, EV 95.0 MPH)
Bottom of the 4th over - 0 runs, 1 hit, 0 errors, 1 left on base; Seattle 2 - Oakland 0
TOP OF THE 5TH
Seattle Mariners batting - Pitching for Oakland Athletics : RHP Luis Manuel Rivera
Batting: RHB Ron Rowland 0-0: Ball
1-0: Swinging Strike
1-1: Foul Ball, location: 2F
1-2: Strikes out swinging
Batting: LHB Juan Gutiérrez 0-0: Called Strike
0-1: Foul Ball, location: 2F
0-2: Ball
1-2: Fly out, F8 (Flyball, 8LM, EV 91.3 MPH)
Batting: LHB Robbie Lucas 0-0: Fly out, F5 (Popup, 5SF, EV 69.4 MPH)
Top of the 5th over - 0 runs, 0 hits, 0 errors, 0 left on base; Seattle 2 - Oakland 0
BOTTOM OF THE 5TH
Oakland Athletics batting - Pitching for Seattle Mariners : RHP José Cuevas
Batting: SHB Jorge Montáñez 0-0: Ball
1-0: Foul Ball, location: 9LMFF
1-1: Swinging Strike
1-2: SINGLE (Groundball, 34D, EV 98.8 MPH)
Batting: RHB Héctor González 0-0: Ball
1-0: Called Strike
1-1: Called Strike
1-2: Ball
2-2: DOUBLE (Flyball, 78XD, EV 98.1 MPH)
Jorge Montáñez to third
Batting: LHB Doug Park 0-0: Ball
1-0: Called Strike
1-1: Foul Ball, location: 3F
1-2: Ball
2-2: Ball
3-2: Fly out, F7 (Flyball, 7D, EV 98.1 MPH)
Runner from 3rd tags up, SCORES, no throw by LF
Batting: RHB Eric Davis 0-0: Ground out 5-3 (Groundball, 56S, EV 66.9 MPH)
Héctor González to third
Batting: RHB David Álvarez 0-0: Ball
1-0: Called Strike
1-1: Ball
2-1: Called Strike
2-2: Foul Ball, location: 2F
2-2: Ball
3-2: Base on Balls
Batting: LHB Jesús Cantú 0-0: Swinging Strike
0-1: Ball
1-1: Swinging Strike
1-2: Ball
2-2: Ball
3-2: Strikes out swinging
Bottom of the 5th over - 1 run, 2 hits, 0 errors, 2 left on base; Seattle 2 - Oakland 1
TOP OF THE 6TH
Seattle Mariners batting - Pitching for Oakland Athletics : RHP Luis Manuel Rivera
Batting: RHB José Castillo 0-0: Called Strike
0-1: Ball
1-1: Foul Ball, location: 2F
1-2: Ball
2-2: Ball
3-2: Ground out 4-3 (Groundball, 4, EV 105.0 MPH)
Batting: RHB Ethan Montoya 0-0: Called Strike
0-1: Ground out 5-3 (Groundball, 56, EV 83.1 MPH)
Batting: SHB Jesús Cortéz 0-0: Ball
1-0: Foul Ball, location: 2RF
1-1: Swinging Strike
1-2: Strikes out swinging
Top of the 6th over - 0 runs, 0 hits, 0 errors, 0 left on base; Seattle 2 - Oakland 1
BOTTOM OF THE 6TH
Oakland Athletics batting - Pitching for Seattle Mariners : RHP José Cuevas
Batting: RHB Cecilio Kendall 0-0: Ball
1-0: SINGLE (Groundball, 34D, EV 110.0 MPH)
Batting: RHB Devin Hogan 0-0: Foul Ball, location: 2F
0-1: Ball
1-1: Ball
2-1: Foul Ball, location: 5SF
2-2: Strikes out swinging
Batting: RHB Luis García 0-0: Swinging Strike
0-1: Called Strike
0-2: Foul Ball, location: 5F
0-2: Foul Ball, location: 2F
0-2: Strikes out looking
Batting: SHB Jorge Montáñez 0-0: Called Strike
Cecilio Kendall steals 2nd base
0-1: Foul Ball, location: 23F
0-2: Strikes out swinging
Bottom of the 6th over - 0 runs, 1 hit, 0 errors, 1 left on base; Seattle 2 - Oakland 1
TOP OF THE 7TH
Seattle Mariners batting - Pitching for Oakland Athletics : RHP Luis Manuel Rivera
Batting: RHB Whit Parkinson 0-0: Ground out 3-1 (Groundball, 34, EV 81.3 MPH)
Batting: RHB Rudy Patrick 0-0: Ball
1-0: Ball
2-0: Ball
3-0: Called Strike
3-1: Foul Ball, location: 5SF
3-2: Base on Balls
Pitching: RHP Norm Roy
Batting: RHB José Díaz 0-0: Foul Ball, location: 3DF
0-1: Ball
1-1: Fly out, F4 (Popup, 4D, EV 66.9 MPH)
Batting: RHB Ron Rowland 0-0: Called Strike
0-1: Called Strike
0-2: Ball
1-2: Strikes out swinging
Top of the 7th over - 0 runs, 0 hits, 0 errors, 1 left on base; Seattle 2 - Oakland 1
BOTTOM OF THE 7TH
Oakland Athletics batting - Pitching for Seattle Mariners : RHP José Cuevas
Now at 1B: Dewitt Mathews
Batting: RHB Héctor González 0-0: Ball
1-0: SOLO HOME RUN (Flyball, 7LD, EV 91.3 MPH), Distance : 354 ft
Batting: LHB Doug Park 0-0: Ball
1-0: Called Strike
1-1: Ball
2-1: Called Strike
2-2: Foul Ball, location: 2RF
2-2: Strikes out swinging
Batting: RHB Eric Davis 0-0: SINGLE (Line Drive, 89M, EV 108.8 MPH)
Pinch Hitting: RHB Jeremy Johnson 0-0: Ball
1-0: Grounds into double play, 4-6-3 (Groundball, 34S, EV 78.8 MPH)
Bottom of the 7th over - 1 run, 2 hits, 0 errors, 0 left on base; Seattle 2 - Oakland 2
TOP OF THE 8TH
Seattle Mariners batting - Pitching for Oakland Athletics : RHP Norm Roy
Now in CF: Jody Dailey
Batting: LHB Juan Gutiérrez 0-0: Ground out U3 (Groundball, 34, EV 88.8 MPH)
Batting: LHB Robbie Lucas 0-0: Called Strike
0-1: Ground out 1-3 (Groundball, 13S, EV 64.4 MPH)
Pinch Hitting: LHB José Ortíz 0-0: Called Strike
0-1: Ball
1-1: Ball
2-1: Foul Ball, location: 9LSFF
2-2: Foul Ball, location: 7LSF
2-2: Foul Ball, location: 7LSF
2-2: SINGLE (Line Drive, 8RS, EV 110.6 MPH)
Batting: RHB Ethan Montoya 0-0: Foul Ball, location: 9LMF
0-1: Foul Ball, location: 9LMF
0-2: Ball
1-2: Strikes out looking
Top of the 8th over - 0 runs, 1 hit, 0 errors, 1 left on base; Seattle 2 - Oakland 2
BOTTOM OF THE 8TH
Oakland Athletics batting - Pitching for Seattle Mariners : RHP José Cuevas
Now in LF: José Ortíz
Now in RF: Ethan Montoya
Batting: LHB Jesús Cantú 0-0: Fly out, F8 (Flyball, 8LD, EV 102.5 MPH)
Batting: RHB Cecilio Kendall 0-0: Foul Ball, location: 7LSFF
0-1: Ball
1-1: Foul Ball, location: 25FF
1-2: Strikes out swinging
Batting: RHB Devin Hogan 0-0: Ball
1-0: Called Strike
1-1: Ball
2-1: SINGLE (Groundball, 6MD, EV 93.8 MPH)
Pitching: LHP Edgar Cantú
Batting: RHB Luis García 0-0: Foul Ball, location: 23F
0-1: Foul Ball, location: 9LMF
0-2: Strikes out swinging
Bottom of the 8th over - 0 runs, 1 hit, 0 errors, 1 left on base; Seattle 2 - Oakland 2
TOP OF THE 9TH
Seattle Mariners batting - Pitching for Oakland Athletics : RHP Norm Roy
Batting: SHB Jesús Cortéz 0-0: Ball
1-0: Ball
2-0: Called Strike
2-1: Ball
3-1: Called Strike
3-2: Strikes out swinging
Batting: RHB Whit Parkinson 0-0: Called Strike
0-1: Foul Ball, location: 23FF
0-2: Strikes out swinging
Batting: RHB Dewitt Mathews 0-0: Foul Ball, location: 25FF
0-1: Fly out, F7 (Flyball, 78M, EV 91.9 MPH)
Top of the 9th over - 0 runs, 0 hits, 0 errors, 0 left on base; Seattle 2 - Oakland 2
BOTTOM OF THE 9TH
Oakland Athletics batting - Pitching for Seattle Mariners : LHP Edgar Cantú
Pinch Hitting: RHB Donnie Fields 0-0: Ball
1-0: Ball
2-0: Foul Ball, location: 5F
2-1: Foul Ball, location: 9LDF
2-2: Strikes out swinging
Batting: RHB Héctor González 0-0: Ball
1-0: Ball
2-0: Ball
3-0: Called Strike
3-1: Base on Balls
Pinch Hitting: RHB José Rodríguez 0-0: Ball
1-0: Ball
2-0: SINGLE (Line Drive, 56D, EV 96.9 MPH)
Héctor González to second
Pinch Runner at 2nd Luis De La Cruz:
Batting: RHB Eric Davis 0-0: Called Strike
0-1: Ball
1-1: Ball
2-1: Foul Ball, location: 9LSF
2-2: Fly out, F7 (Flyball, 7LSF, EV 98.1 MPH)
Batting: RHB Jody Dailey 0-0: Ball
1-0: Called Strike
1-1: Ball
2-1: Foul Ball, location: 2F
2-2: Ball
3-2: Base on Balls
Luis De La Cruz to third
José Rodríguez to second
Pinch Hitting: RHB Tom Doherty 0-0: Ground out 5-3 (Groundball, 56S, EV 78.1 MPH)
Bottom of the 9th over - 0 runs, 1 hit, 0 errors, 3 left on base; Seattle 2 - Oakland 2
TOP OF THE 10TH
Seattle Mariners batting - Pitching for Oakland Athletics : RHP Norm Roy
Dewitt Mathews starts the inning at 2nd base.
Now at C: Tom Doherty
Now at 2B: José Rodríguez
Now at 3B: Eric Davis
Now at SS: Cecilio Kendall
Now in LF: Dane Edgar
Now in RF: Luis De La Cruz
Batting: RHB José Díaz 0-0: Swinging Strike
0-1: Called Strike
0-2: Foul Ball, location: 2F
0-2: Ball
1-2: Strikes out swinging
Batting: RHB Ron Rowland 0-0: SINGLE (Groundball, 6MD, EV 109.4 MPH) (infield hit)
Dewitt Mathews to third
Batting: LHB Juan Gutiérrez 0-0: Foul Ball, location: 2F
0-1: Called Strike
0-2: Ball
1-2: SINGLE (Groundball, 56D, EV 106.9 MPH)
Dewitt Mathews scores
Ron Rowland to second
Batting: LHB Robbie Lucas 0-0: Ball
1-0: Called Strike
Ron Rowland steals 3rd, throwing error, E2
Ron Rowland to third
Ron Rowland scores
Juan Gutiérrez to third
1-1: Ball
2-1: SINGLE (Groundball, 4D, EV 109.4 MPH)
Juan Gutiérrez scores
Pitching: LHP Jorge Reyes
Batting: LHB José Ortíz Pickoff Throw to First - Out! 1-3
0-0: SOLO HOME RUN (Flyball, 8RXD, EV 110.6 MPH), Distance : 426 ft
Batting: RHB Ethan Montoya 0-0: Ball
1-0: SOLO HOME RUN (Flyball, 7D, EV 104.4 MPH), Distance : 412 ft
Batting: SHB Jesús Cortéz 0-0: Fly out, F8 (Flyball, 8LM, EV 76.9 MPH)
Top of the 10th over - 5 runs, 5 hits, 1 error, 0 left on base; Seattle 7 - Oakland 2
BOTTOM OF THE 10TH
Oakland Athletics batting - Pitching for Seattle Mariners : LHP Edgar Cantú
Tom Doherty starts the inning at 2nd base.
Batting: RHB Cecilio Kendall 0-0: Foul Ball, location: 2F
0-1: Ground out U3 (Groundball, 3S, EV 75.0 MPH)
Tom Doherty to third
Batting: RHB Devin Hogan 0-0: Ball
1-0: Called Strike
1-1: Ball
2-1: Ball
3-1: Foul Ball, location: 2F
3-2: Strikes out swinging, 2-3 out at first.
Batting: RHB Luis García 0-0: Ball
1-0: Called Strike
1-1: Swinging Strike
1-2: Foul Ball, location: 9LMF
1-2: Strikes out swinging
Bottom of the 10th over - 0 runs, 0 hits, 0 errors, 1 left on base; Seattle 7 - Oakland 2
Sunday, March 24th , 2024 - OOTP Baseball 24.10 Build 82